 Dungeon Crawl Stone Soup version 0.31-a0-237-g2d982f9f85 (webtiles) character file.

Game seed: 13012277203909914129

325 cforsyth the Ruffian (level 6, 0/55 HPs)
             Began as an Ogre Transmuter on July 11, 2023.
             Slain by an orc priest
             ... wielding a +2 dagger of venom
              (4 damage)
             ... on level 3 of the Dungeon.
             The game lasted 00:05:43 (2352 turns).

cforsyth the Ruffian (Ogre Transmuter)              Turns: 2352, Time: 00:05:43

Health: 0/55       AC:  3    Str: 15    XL:     6   Next: 48%
Magic:  9/9        EV:  9    Int: 16    God:
Gold:   123        SH:  0    Dex:  9    Spells: 8/9 levels left

rFire   . .          .
                       - Unarmed
rCold   . . .        (no shield)
rNeg    . . .        a - +0 robe
rPois   .            (helmet restricted)
rElec   .            (no cloak)
rCorr   .            (gloves unavailable)
SInv    .            (boots unavailable)
Will    .....        h - amulet of the acrobat
Stlth   +            (no ring)
HPRegen 0.29/turn    (no ring)
MPRegen 0.11/turn

%: acrobat
@: no status effects
A: large, unfitting armour, tough skin 1
a: no special abilities


You were on level 3 of the Dungeon.
You visited 1 branch of the dungeon, and saw 5 of its levels.

You collected 123 gold pieces.

Inventory:

Missiles
 g - a throwing net
Armour
 a - a +0 robe (worn)
Jewellery
 h - an amulet of the acrobat (around neck)
 m - an amulet of faith
Wands
 f - a wand of mindburst (11)
Scrolls
 d - 2 scrolls of identify
Potions
 b - a potion of lignification
 c - a potion of mutation
 e - a potion of invisibility
 i - a potion of enlightenment


   Skills:
 - Level 1.3 Fighting
 - Level 1.7 Dodging
 + Level 6.4 Unarmed Combat
 - Level 2.4 Spellcasting
 - Level 1.7 Transmutations


You had 8 spell levels left.
You knew the following spells:

 Your Spells              Type           Power      Damage    Failure   Level
a - Beastly Appendage     Tmut           14%        N/A       10%         1

Your spell library contained the following spells:

 Spells                   Type           Power      Damage    Failure   Level
 Wereblood                Tmut           7%         N/A       14%         2
 Spider Form              Tmut/Pois      4%         N/A       38%         3
 Ice Form                 Ice/Tmut       4%         N/A       80%         4


Dungeon Overview and Level Annotations

Branches:
Dungeon (5/15)
 Temple: D:4-7

Altars:

Annotations:
D:4 Menkaure


Innate Abilities, Weirdness & Mutations

You are too large for most types of armour.
You have tough skin. (AC +1)


Message History

Your transformation is almost over.
You feel sick. The orc hits you with a +0 short sword.
* * * LOW HITPOINT WARNING * * *
You punch the orc!
You kill the orc!
You feel sick.
You hit the ball python.
You kill the ball python!
You feel sick.
You barely miss the orc. You claw the orc, but do no damage.
You feel sick. The orc hits you with a +0 hand axe.
* * * LOW HITPOINT WARNING * * *
You hit the orc. Your kick misses the orc.
The orc is moderately wounded.
You feel sick.
You are no longer poisoned.
Unknown command.
You feel better.
The orc priest looks satisfied for a moment.
The orc closely misses you.
Unknown command.
You hit the orc but do no damage. Your kick misses the orc.
The orc is moderately wounded.
The orc hits you with a +0 hand axe.
* * * LOW HITPOINT WARNING * * *
You hit the orc but do no damage. Your kick misses the orc.
Your headbutt misses the orc.
The orc is moderately wounded.
The orc hits you but does no damage.
Unknown command.
You hit the orc. Your kick misses the orc.
The orc is heavily wounded.
The orc hits you with a +0 hand axe.
* * * LOW HITPOINT WARNING * * *
You hit the orc.
You kill the orc!
Your horns disappear.
Your talons disappear.
You hit the orc priest but do no damage.
The orc priest hits you with a +2 dagger of venom.
You die...

......# ...[..+
...?..###
........#
####.oo.# ###
###########
#....## #..
...........
#.....# #.#
##########.
#.....## #.# #.
#....oS### #@#
#<
#....#o..####o#
##
########.o..oo#
#####..# ##.##
# #..#.# ..
#....#...
#.##.....
#####........


You could see an orc priest and 2 orcs.

Vanquished Creatures
  A centaur (D:5)
  A scorpion (D:4)
  A howler monkey (D:3)
  5 adders
  5 worms
  4 orcs
  6 ball pythons
  10 endoplasms
  8 giant cockroaches
  4 goblins
  3 hobgoblins
  10 jackals
  4 quokkas
  A bat (D:1)
  3 frilled lizards (D:2)
  7 kobolds
  5 rats
78 creatures vanquished.

Notes
Turn   | Place    | Note
-------+----------+-------------------------------------------
     0 | D:1      | cforsyth the Ogre Transmuter began the quest for the Orb.
     0 | D:1      | Reached XP level 1. HP: 19/19 MP: 3/3
     1 | D:1      | Found a runed translucent door.
    67 | D:1      | Reached skill level 3 in Unarmed Combat
   135 | D:1      | Reached XP level 2. HP: 27/27 MP: 3/5
   942 | D:1      | Reached XP level 3. HP: 31/33 MP: 4/6
   963 | D:1      | Reached skill level 4 in Unarmed Combat
  1201 | D:2      | Reached XP level 4. HP: 28/41 MP: 5/7
  1785 | D:3      | Reached skill level 5 in Unarmed Combat
  1785 | D:3      | Reached XP level 5. HP: 29/48 MP: 6/8
  1905 | D:3      | You fall into a shaft and drop 2 floors!
  1905 | D:5      | Entered Level 5 of the Dungeon
  1909 | D:5      | Noticed a centaur
  1919 | D:5      | Killed a centaur
  2059 | D:4      | Reached XP level 6. HP: 40/55 MP: 7/9
  2077 | D:4      | Reached skill level 6 in Unarmed Combat
  2088 | D:4      | Noticed Menkaure
  2352 | D:3      | Slain by an orc priest

Illustrated notes

Levels and vault maps discovered:
D:1:      dpeg_arrival_caged_fury, layout_basic, chequers_serial_rivers_large_a
D:2:      layout_rooms, dreamdust_mushroom_princess
D:3:      layout_basic, led_sif_book, general_overflow_altar,
          cheibrodos_sewer_entry_bend
D:4:      layout_basic, uniq_menkaure
D:5:      layout_loops_cross, lemuel_coloured_pillars_altar,
          gammafunk_temple_overflow_claw

Skill      XL: |  1  2  3  4  5  6 |
---------------+-------------------+-----
Unarmed Combat | 3 4 5 6 |  6.4
Fighting       | |  1.3
Dodging        | |  1.7
Spellcasting   | |  2.4
Transmutations | |  1.7

Action                     |  1- 3 |  4- 6 || total
---------------------------+-------+-------++-------
  Melee: Unarmed           |   156 |   110 ||   266
         Kick              |    23 |    20 ||    43
         Headbutt          |    14 |    14 ||    28
         Punch             |     4 |     3 ||     7
   Cast: Beastly Appendage |    21 |    23 ||    44
    Use: Scroll            |       |     9 ||     9
         Potion            |       |     1 ||     1
 Armour: Robe              |    59 |    17 ||    76
  Dodge: Dodged            |    82 |    47 ||   129

Table legend: (Time is in decaauts)
 A = Elapsed time spent in this place.
 B = Non-inter-level travel time spent in this place.
 C = Inter-level travel time spent in this place.
 D = Time resting spent in this place.
 E = Time spent auto-exploring this place.
 F = Levels seen in this place.
 G = Mean time per level.
                   A        B        C        D        E       F      G
               +--------+--------+--------+--------+--------+-----+--------+
         Total |   2329 |   2290 |     39 |      0 |   1505 |   5 |  465.8 |
       Dungeon |   2329 |   2290 |     39 |      0 |   1505 |   5 |  465.8 |
               +--------+--------+--------+--------+--------+-----+--------+

Top non-repeatable levels by time:
     D:1: 1081 daAuts
     D:2: 668 daAuts
     D:4: 264 daAuts
     D:3: 197 daAuts
     D:5: 117 daAuts
